 Dungeon Crawl Stone Soup version 0.31.0-11-ge490571c62 (webtiles) character file.

Game seed: 7938098596755496609

256 Maffolandro the Trooper (level 6, 48/48 HPs)
             Began as a Human Wanderer on Jan 27, 2024.
             Got out of the dungeon alive.
             The game lasted 00:08:12 (2117 turns).

Maffolandro the Trooper (Human Wanderer)            Turns: 2117, Time: 00:08:13

Health: 48/48      AC:  5    Str: 13    XL:     6   Next: 16%
Magic:  10/10      EV: 10    Int: 11    God:
Gold:   94         SH:  0    Dex: 15    Spells: 7/11 levels left

rFire   . . .        p - +1 whip (drain)
rCold   . . .        (no shield)
rNeg    . . .        j - +0 ring mail
rPois   .            (helmet currently unavailable)
rElec   .            (cloak currently unavailable)
rCorr   .            (gloves currently unavailable)
SInv    .            (boots currently unavailable)
Will    .....        (no amulet)
Stlth   +            (no ring)
HPRegen 0.28/turn    (no ring)
MPRegen 0.12/turn

%: no passive effects
@: beast-form
A: beast (slay +2), explore regen
a: Begin Untransformation


You escaped.
You were a hulking beast.
You visited 1 branch of the dungeon, and saw 3 of its levels.

You collected 94 gold pieces.

Inventory:

Hand Weapons
 a - a +0 short sword
 c - a +0 dagger
 h - a +2 mace of draining
 p - a +1 whip of draining (weapon)
Missiles
 b - 6 boomerangs (quivered)
 l - 2 poisoned darts
Armour
 e - a +0 leather armour
 j - a +0 ring mail (worn)
 r - a +0 helmet
Talismans
 f - a beast talisman (active)
Scrolls
 k - a scroll of amnesia {unknown}
 n - a scroll of poison {unknown}
 q - a scroll of silence {unknown}
 s - a scroll of enchant weapon {unknown}
 t - a scroll of fog {unknown}
 u - 2 scrolls of enchant armour {unknown}
Potions
 d - a potion of curing
 g - 2 potions of resistance {unknown}
 i - a potion of attraction {unknown}
 m - a potion of might {unknown}
 o - a potion of lignification {unknown}


   Skills:
 + Level 4.1 Fighting
 - Level 1.0 Short Blades
 * Level 0.4 Maces & Flails
 - Level 1.0 Throwing
 - Level 1.0 Armour
 - Level 1.0 Dodging
 - Level 3.0 Spellcasting
 - Level 4.0 Shapeshifting


You had 7 spell levels left.
You knew the following spells:

 Your Spells              Type           Power      Damage    Failure   Level
a - Call Imp              Summ           2%         N/A       63%         2
b - Blink                 Tloc           2%         N/A       63%         2

Your spell library contained the following spells:

 Spells                   Type           Power      Damage    Failure   Level
 Freeze                   Ice            4%         1d3       50%         1
 Sandblast                Erth           2%         2d4       50%         1
 Lesser Beckoning         Tloc           2%         N/A       63%         2
 Momentum Strike          Conj/Tloc      2%         3d8       63%         2
 Gell's Gravitas          Tloc           1%         N/A       86%         3
 Teleport Other           Tloc           1%         N/A       86%         3
 Tukima's Dance           Hex            1%         N/A       86%         3


Dungeon Overview and Level Annotations

Branches:
Dungeon (3/15)

Altars:
Fedhas


Innate Abilities, Weirdness & Mutations

You are a hulking beast.
Your limbs bulge with bestial killing power. (Slay +2)
You regain HP and MP as you explore.


Message History

You start memorising the spell.
You continue memorising. x2
You finish memorising.
Spell assigned to 'b'.
Okay, then.
Unknown command.
Okay, then.
Unknown command.
Things that are here:
a +0 club; a goblin corpse
Things that are here:
a +0 club; a goblin corpse
u - 2 scrolls labelled ARUZXAB YSHE (gained 1)
Found a stone staircase leading up.
There is a stone staircase leading up here.
Found a stone staircase leading down.
There is a stone staircase leading down here.
A dart slug comes into view.
The dart slug launches a dart at you.
The slug dart hits you but does no damage.
You hit the dart slug but do no damage. The dart slug launches a dart at you.
The slug dart hits you but does no damage.
You whack the dart slug! You drain the dart slug.
You kill the dart slug!
No target in view!
Found 6 stones.
You pick up a book of Displacement and begin reading...
You add the spells Gell's Gravitas and Teleport Other to your library.
There is a stone staircase leading up here.
What level of the Dungeon? (default 3, ? - help)
You climb upwards.
There is a stone staircase leading down here.
You see here 2 stones.
Things that are here:
a +0 robe; a +0 scythe
There is an open door, spattered with blood here.
There is a stone staircase leading up, spattered with blood here.
You climb upwards.
There is a stone staircase leading down here.
There is a staircase leading out of the dungeon here.
You have escaped!

#############
#≈≈≈≈≈~≈≈≈≈≈#
#≈≈≈~..~≈≈≈≈#
#≈≈~.....~~≈#
#≈~~..h...≈~#
#≈~......~~≈#
#~~...~...~≈#
#~...~≈...~~#
#~...~~~...~#
#~..≈.~≈~..~#
#...~~~.~~..#
##..~≈≈~....#
#######.≈~≈≈~~~~.#


There were no monsters in sight!

Vanquished Creatures
  Sigmund (D:2)
  Robin (D:2)
  2 adders
  A dart slug (D:3)
  4 ball pythons
  4 bats (D:1)
  6 endoplasms
  5 giant cockroaches
  17 goblins
  8 hobgoblins
  5 kobolds
  3 quokkas
  A frilled lizard (D:1)
  3 rats
61 creatures vanquished.

Notes
Turn   | Place    | Note
-------+----------+-------------------------------------------
     0 | D:1      | Maffolandro the Human Wanderer began the quest for the Orb.
     0 | D:1      | Maffolandro set off with the following items: a +0 short
                  | sword, 6 boomerangs, a +0 dagger, a potion of curing, a +0
                  | leather armour; and the following spells available to
                  | memorise: Freeze, Sandblast, Call Imp, Tukima's Dance.
     0 | D:1      | Reached XP level 1. HP: 16/16 MP: 4/4
   169 | D:1      | Reached skill level 1 in Shapeshifting
   205 | D:1      | Reached XP level 2. HP: 21/22 MP: 6/6
   418 | D:1      | Reached XP level 3. HP: 27/27 MP: 7/7
   888 | D:2      | Found a blossoming altar of Fedhas.
  1035 | D:2      | Reached XP level 4. HP: 30/32 MP: 8/8
  1041 | D:2      | Noticed Robin
  1068 | D:2      | Killed Robin
  1284 | D:2      | Noticed Sigmund
  1408 | D:2      | Killed Sigmund
  1409 | D:2      | Reached XP level 5. HP: 31/42 MP: 9/9
  1409 | D:2      | Reached XP level 6. HP: 35/48 MP: 10/10
  1886 | D:3      | Learned a level 2 spell: Call Imp
  1889 | D:3      | Learned a level 2 spell: Blink
  2117 | D:$      | Got out of the dungeon alive.

Illustrated notes

Levels and vault maps discovered:
D:1:      dpeg_arrival_more_subterranean_lakeside_camping, layout_rooms
D:2:      layout_loops_corners, basic_altar, uniq_sigmund, uniq_robin
D:3:      minmay_diamond_boxcup, layout_basic, shapermc_ecumenical_altar_venn,
          chequers_serial_rivers_micro_b

Skill      XL: |  1  2  3  4 |
---------------+-------------+-----
Shapeshifting  | 1 2 3 4 |  4.0
Fighting       | 4 |  4.1
Short Blades   | |  1.0
Maces & Flails | |  0.4
Throwing       | |  1.0
Armour         | |  1.0
Dodging        | |  1.0
Spellcasting   | |  3.0

Action                     |  1- 3 |  4- 6 || total
---------------------------+-------+-------++-------
  Melee: Mace              |    83 |       ||    83
         Short sword       |     9 |       ||     9
         Whip              |     7 |    73 ||    80
         Punch             |     2 |       ||     2
   Stab: Sleeping          |     1 |       ||     1
 Armour: Leather armour    |    37 |       ||    37
         Ring mail         |    17 |    52 ||    69
  Dodge: Dodged            |    48 |    35 ||    83
   Form: Beast             |     1 |       ||     1
